 Dungeon Crawl Stone Soup version 0.31-a0-38-g1548c4f2a5 (webtiles) character file.

Game seed: 10314205531879816546

0 hwolsky the Trooper (level 1, -3/19 HPs)
             Began as a Hill Orc Fighter on May 16, 2023.
             Slain by a kobold
             ... wielding a +0 whip
              (5 damage)
             ... on level 1 of the Dungeon.
             The game lasted 00:00:17 (71 turns).

hwolsky the Trooper (Hill Orc Fighter)                Turns: 71, Time: 00:00:18

Health: -3/19      AC:  6    Str: 18    XL:     1   Next: 10%
Magic:  1/1        EV:  9    Int:  8    God:
Gold:   0          SH:  4    Dex: 10    Spells: 0/0 levels left

rFire   . . .        a - +0 war axe
rCold   . . .        c - +0 buckler
rNeg    . . .        b - +0 scale mail
rPois   .            (no helmet)
rElec   .            (no cloak)
rCorr   .            (no gloves)
SInv    .            (no boots)
Will    .....        (no amulet) Stlth
                     (no ring)
HPRegen 0.23/turn    (no ring)
MPRegen 0.07/turn

%: no passive effects
@: no status effects
A: no striking features
a: no special abilities


You were on level 1 of the Dungeon.
You visited 1 branch of the dungeon, and saw 1 of its levels.

Inventory:

Hand Weapons
 a - a +0 war axe (weapon)
Armour
 b - a +0 scale mail (worn)
 c - a +0 buckler (worn)
Potions
 d - a potion of might


   Skills:
 + Level 3.6 Fighting
 + Level 2.7 Axes
 + Level 3.3 Armour
 + Level 3.3 Shields


You couldn't memorise any spells.
You didn't know any spells.
Your spell library was empty.

Dungeon Overview and Level Annotations

Branches:
Dungeon (1/15) Zot: 5927

Altars:


Message History

A kobold comes into view. It is wielding a +0 whip.
Found an escape hatch in the floor.
The kobold closely misses you. The kobold barely misses you.
You block the kobold's attack. You block the kobold's attack.
The kobold closely misses you. The kobold hits you with a +0 whip.
The kobold barely misses you. You block the kobold's attack.
The kobold hits you but does no damage. You block the kobold's attack.
The kobold barely misses you. The kobold misses you.
The kobold hits you with a +0 whip. The kobold closely misses you.
You block the kobold's attack. The kobold misses you.
You block the kobold's attack. The kobold hits you with a +0 whip.
The kobold hits you but does no damage. The kobold barely misses you.
The kobold hits you with a +0 whip. The kobold barely misses you.
The kobold barely misses you. The kobold hits you with a +0 whip.
The kobold hits you with a +0 whip. The kobold completely misses you.
The kobold hits you with a +0 whip. The kobold closely misses you.
The kobold hits you with a +0 whip. You block the kobold's attack.
The kobold hits you with a +0 whip. The kobold hits you with a +0 whip.
The kobold hits you but does no damage. The kobold barely misses you.
You block the kobold's attack. The kobold hits you with a +0 whip.
* * * LOW HITPOINT WARNING * * *
The kobold hits you with a +0 whip.
You die...

..>... .....#
..... ..#.# #.#.#
#.#.##########
####.#K#.........
#.....@#.########
#.##.###.#
#.....## ##.###.#
# #.....# .
###.#.#.### #.
#.........#
#.###.#.#.#.#.#
#.......#.#... +


You could see a kobold.

Vanquished Creatures
  A ball python (D:1)
1 creature vanquished.

Notes
Turn   | Place    | Note
-------+----------+-------------------------------------------
     0 | D:1      | hwolsky the Hill Orc Fighter began the quest for the Orb.
     0 | D:1      | Reached XP level 1. HP: 19/19 MP: 1/1
    71 | D:1      | Slain by a kobold

Illustrated notes

Levels and vault maps discovered:
D:1:      roderic_chinese_lattice_arrival, layout_basic, minmay_split_cup_large

Action                     || total
---------------------------++-------
  Melee: War axe           ||     1
 Armour: Scale mail        ||     3
  Dodge: Dodged            ||    14
  Block: Buckler           ||     8

Table legend: (Time is in decaauts)
 A = Elapsed time spent in this place.
 B = Non-inter-level travel time spent in this place.
 C = Inter-level travel time spent in this place.
 D = Time resting spent in this place.
 E = Time spent auto-exploring this place.
 F = Levels seen in this place.
 G = Mean time per level.
                   A        B        C        D        E       F      G
               +--------+--------+--------+--------+--------+-----+--------+
         Total |     71 |     71 |      0 |      0 |     27 |   1 |   71.0 |
       Dungeon |     71 |     71 |      0 |      0 |     27 |   1 |   71.0 |
               +--------+--------+--------+--------+--------+-----+--------+

Top non-repeatable levels by time:
     D:1: 71 daAuts
